 Dungeon Crawl Stone Soup version 0.31-a0-667-g39726597b9 (webtiles) character file.

Game seed: 6224249742442218241

24 GordonOverkill the Sneak (level 3, -3/33 HPs)
             Began as a Ghoul Delver on Sept 4, 2023.
             Slain by an orc priest
             ... wielding a +0 short sword
              (4 damage)
             ... on level 5 of the Dungeon.
             The game lasted 00:00:29 (61 turns).

GordonOverkill the Sneak (Ghoul Delver)               Turns: 61, Time: 00:00:30

Health: -3/33      AC:  3    Str: 17    XL:     3   Next: 2%
Magic:  2/2        EV: 11    Int:  5    God:
Gold:   13         SH:  0    Dex: 10    Spells: 2/2 levels left

rFire   . .          .
                       - Unarmed
rCold   + . .        (no shield)
rNeg    + + +        a - +0 leather armour
rPois   ∞            (no helmet)
rElec   .            (no cloak)
rCorr   .            (no gloves)
SInv    .            (no boots)
Will    .....        (no amulet)
Stlth   +++          (no ring)
HPRegen 0.00/turn    (no ring)
MPRegen 0.08/turn

%: no passive effects
@: inhibited regen, hasted, very quick
A: claws 1, cold resistance 1, negative energy resistance 3, inhibited
regeneration, torment resistance 2, devour on kill
a: no special abilities


You were on level 5 of the Dungeon.
You visited 1 branch of the dungeon, and saw 2 of its levels.

You collected 13 gold pieces.

Inventory:

Armour
 a - a +0 leather armour (worn)
Wands
 f - a wand of digging (3)
Scrolls
 b - a scroll of fog
 c - a scroll of revelation


   Skills:
 - Level 4.0 Fighting
 - Level 1.7 Dodging
 - Level 5.4 Stealth
 + Level 3.0 Unarmed Combat


You had 2 spell levels left.
You didn't know any spells.
Your spell library was empty.

Dungeon Overview and Level Annotations

Branches:
Dungeon (6/15)
 Temple: D:4-7

Altars:

Annotations:
D:6 Blork the orc


Innate Abilities, Weirdness & Mutations

You are immune to poison.
You have sharp fingernails.
Your flesh is cold resistant. (rC+)
You are immune to negative energy. (rN+++)
You do not regenerate when monsters are visible.
You are immune to unholy pain and torment.
You thrive by killing the living.


Message History

You scratch the orc wizard but do no damage.
The orc wizard is almost dead.
The orc wizard casts a spell at you. You resist with significant effort.
You scratch the orc wizard.
You kill the orc wizard!
Training target 4.0 for Fighting reached!
Your Fighting skill increases to level 4!
You need to enable at least one skill for training.
Your Unarmed Combat skill increases to level 3!
You have reached level 2!
You have reached level 3!
Your experience leads to an increase in your attributes!
Increase (S)trength, (I)ntelligence, or (D)exterity?
You feel stronger. x2
Okay, then.
You feel yourself speed up.
You closely miss the orc priest. Your claw misses the orc priest.
You closely miss the orc priest.
An orc comes into view. It is wielding a +0 dagger.
The orc priest hits you with a +0 short sword.
* * * LOW HITPOINT WARNING * * *
You barely miss the orc priest.
The orc shouts!
The orc priest hits you with a +0 short sword.
* * * LOW HITPOINT WARNING * * *
You scratch the orc priest.
The orc priest is lightly wounded.
You barely miss the orc priest.
The orc priest is lightly wounded.
The orc priest closely misses you.
You completely miss the orc priest. You claw the orc priest.
The orc priest is lightly wounded.
You scratch the orc priest.
The orc priest is moderately wounded.
The orc priest casts a cantrip, but nothing happens.
You claw the orc priest!
The orc priest is almost dead.
The orc priest hits you with a +0 short sword.
You die...

#. W. ...... #.####.. .
.....####.#....
#....+....#..##
#....##.......
#.......##..# #
............####.#
#..........Wo@..#
####.##...#......o.#
.....>....#.).......(..
#######...#.#######.....
#...#.# ..... #...#.#
.### #...#.# # #####.#


You could see a phantom, an orc priest and an orc.

Vanquished Creatures
  An orc wizard (D:5)
1 creature vanquished.

Notes
Turn   | Place    | Note
-------+----------+-------------------------------------------
     0 | D:5      | GordonOverkill the Ghoul Delver began the quest for the
                  | Orb.
     0 | D:5      | Reached XP level 1. HP: 19/19 MP: 0/0
     1 | D:6      | Noticed Blork the orc
     1 | D:6      | Noticed a hound
     1 | D:6      | Noticed a bullfrog
    13 | D:5      | Noticed a scorpion
    31 | D:5      | Noticed a phantom
    36 | D:5      | Noticed an orc wizard
    49 | D:5      | Noticed an orc priest
    52 | D:5      | Killed an orc wizard
    53 | D:5      | Reached XP level 2. HP: 9/27 MP: 1/1
    53 | D:5      | Reached XP level 3. HP: 12/33 MP: 2/2
    56 | D:5      | HP: 1/33 [orc priest/+0 short sword (6)]
    61 | D:5      | Slain by an orc priest

Illustrated notes

Levels and vault maps discovered:
D:5:      layout_basic
D:6:      kennysheep_kobold_camp, layout_basic, grunt_ministairs_6,
          uniq_blork_the_orc

Skill      XL: |  1 |
---------------+----+-----
Fighting       | 4 |  4.0
Unarmed Combat | 3 |  3.0
Dodging        | |  1.7
Stealth        | |  5.4

Action                     || total
---------------------------++-------
  Melee: Unarmed           ||    22
         Punch             ||     1
    Use: Scroll            ||     1
         Potion            ||     1
 Armour: Leather armour    ||     9
  Dodge: Dodged            ||     7

Table legend: (Time is in decaauts)
 A = Elapsed time spent in this place.
 B = Non-inter-level travel time spent in this place.
 C = Inter-level travel time spent in this place.
 D = Time resting spent in this place.
 E = Time spent auto-exploring this place.
 F = Levels seen in this place.
 G = Mean time per level.
                   A        B        C        D        E       F      G
               +--------+--------+--------+--------+--------+-----+--------+
         Total |     58 |     58 |      0 |      0 |      0 |   2 |   29.0 |
       Dungeon |     58 |     58 |      0 |      0 |      0 |   2 |   29.0 |
               +--------+--------+--------+--------+--------+-----+--------+

Top non-repeatable levels by time:
     D:5: 56 daAuts
     D:6: 1 daAuts
